 Dungeon Crawl Stone Soup version 0.19-a0-1587-gaef70b6 (webtiles) character file.

35933 4thArraOfDagon the Brawler (level 13, -5/136 HPs)
             Began as a Troll Necromancer on Sept 16, 2016.
             Was a Priest of Elyvilon.
             Slain by an orc knight
             ... wielding a +0 great mace
              (11 damage)
             ... on level 2 of the Orcish Mines.
             The game lasted 00:50:12 (9608 turns).

4thArraOfDagon the Brawler (Troll Necromancer)      Turns: 9608, Time: 00:50:13

Health: -5/136     AC:  5    Str:  9 (22) XL:     13   Next: 50%
Magic:  2/20       EV:  1    Int: 10 (13) God:    Elyvilon [***...]
Gold:   1012       SH:  0    Dex: -2 (11) Spells: 4 memorised, 6 levels left

rFire  . . .     SeeInvis +       - Unarmed
rCold  + + .     Gourm    +     B - +0 robe {MR+}
rNeg   . . .     Faith    +     (no shield)
rPois  +         Spirit   .     (helmet restricted)
rElec  +         Dismiss  .     (no cloak)
rCorr  .         Reflect  .     (gloves unavailable)
MR     +....     Harm     .     (boots unavailable)
Stlth  ..........               x - amulet of Ekhierr {Faith rElec Dex+3 Stlth+}
                                e - ring of see invisible
                                K - ring of protection from cold

@: mighty, slowed, lost dexterity, very slow
A: unfitting armour, claws 3, repulsion field 1, clumsy 1, cold resistance 1,
deterioration 2, dopey 1, fast metabolism 3, gourmand, poison resistance,
regeneration 1, robust 1, screaming 1, shaggy fur 1, tough skin 2, weak 1, wild
magic 1, MP-powered wands
a: Lesser Healing, Heal Other, Purification, Divine Protection, Renounce
Religion


You were on level 2 of the Orcish Mines.
You worshipped Elyvilon.
Elyvilon was most pleased with you.
You were full.

You visited 2 branches of the dungeon, and saw 17 of its levels.

You collected 1390 gold pieces.
You spent 378 gold pieces at shops.

Inventory:

Hand Weapons
 n - the +5 war axe "Beishiho" {antimagic, +Blink rC+}
   (You found it on level 4 of the Dungeon)

   It reduces the magical energy of the wielder, and disrupts the spells and
   magical abilities of those hit.
   Natural abilities and divine invocations are not affected.
   It protects you from cold.
   It lets you blink.
 w - a +0 bardiche
 G - a +0 blowgun
Missiles
 l - 7 curare-tipped needles
 q - 14 large rocks (quivered)
 P - 3 tomahawks of dispersal
Armour
 a - a +0 robe
 B - a +0 robe of magic resistance (worn)
 E - a -2 robe
 H - the +2 ratskin cloak {rPois rN+ Int-1 Dex-1}
   (You found it on level 11 of the Dungeon)

   It affects your intelligence (-1).
   It affects your dexterity (-1).
   It protects you from poison.
   It protects you from negative energy.
 J - a mottled dragon hide
 L - a +0 robe of cold resistance
Jewellery
 e - a ring of see invisible (right claw)
 o - an uncursed ring of resist corrosion
 s - an uncursed amulet of magic regeneration {unknown}
 x - the amulet of Ekhierr (around neck) {Faith rElec Dex+3 Stlth+}
   (You found it on level 7 of the Dungeon)

   [amulet of faith]

   It allows you to gain divine favour quickly.
   It affects your dexterity (+3).
   It insulates you from electricity.
   It makes you more stealthy.
 F - an uncursed ring of flight
 K - a ring of protection from cold (left claw)
 M - an uncursed ring of wizardry
Wands
 f - a wand of teleportation (5/9)
 h - a wand of slowing (22/48)
 z - a wand of confusion (4/48)
 C - a wand of slowing (15/48)
 D - a wand of flame (16/48)
 I - a wand of flame (25/48)
Scrolls
 d - a scroll of identify
 g - 2 scrolls of remove curse
 i - 4 scrolls of magic mapping
 k - 2 scrolls of immolation
 p - a scroll of teleportation
 t - a scroll of enchant weapon
 u - a scroll of recharging {unknown}
 v - 3 scrolls of fog
 y - a scroll of amnesia
Potions
 j - 5 potions of curing
 A - a potion of degeneration
 N - 2 potions of brilliance
 O - a potion of ambrosia
Books
 b - a book of Necromancy

   Spells                             Type                      Level
   a - Pain                           Necromancy                   1
   b - Animate Skeleton               Necromancy                   1
   c - Vampiric Draining              Necromancy                   3
   d - Regeneration                   Charms/Necromancy            3
   e - Animate Dead                   Necromancy                   4
   f - Control Undead                 Necromancy                   4
   Elyvilon disapproves of the use of such an item.
Comestibles
 c - 7 bread rations
 m - 3 meat rations


   Skills:
 + Level 7.3 Fighting
 + Level 7.8 Dodging
 - Level 1.1 Stealth
 - Level 15.1 Unarmed Combat
 - Level 1.2 Spellcasting
 - Level 3.2 Necromancy
 + Level 11.0 Invocations


You had 6 spell levels left.
You knew the following spells:

 Your Spells              Type           Power        Failure   Level  Hunger
a - Pain                  Necr           #...         14%         1    ##.....
b - Apportation           Tloc           #.........   47%         1    ##.....
c - Blink                 Tloc           N/A          69%         2    ###....
d - Passage of Golubria   Tloc           N/A          100%        4    #####..


Dungeon Overview and Level Annotations

Branches:
Dungeon (15/15)              Lair (0/6) D:9             Orc (2/2) D:12
    Elf (0/3) Orc:2        Depths (0/5) D:15
 Temple: D:4-7       Vaults: D:13-14

Altars:
Ashenzari
Cheibriados
Dithmenos
Elyvilon
Kikubaaqudgha
Nemelex Xobeh
Okawaru
Sif Muna
Uskayaw
Vehumet
Xom
Yredelemnul
The Shining One

Shops:
D:12 (%}   Orc:2 }

Annotations:
D:11 1 runed door, exclusion: 2 downstairs
D:12 Charly's ghost, novice OgHu
D:14 Urug


Innate Abilities, Weirdness & Mutations

You are too large for most types of armour.
You have claws for hands.
Your metabolism is lightning-fast.
You like to eat raw meat.
Your natural rate of healing is unusually fast.
You are covered in fur. (AC +1)
You have very tough skin. (AC +2)
You are surrounded by a mild repulsion field. (EV +2)
You are clumsy. (Dex -2)
Your flesh is cold resistant. (rC+)
Your body often deteriorates upon taking damage.
You are dopey. (Int -2)
Your system is resistant to poisons. (rPois)
You are robust. (+10% HP)
You occasionally shout uncontrollably at your foes.
You are weak. (Str -2)
Your spells are a little harder to cast, but a little more powerful.
You expend magic power (3 MP) to strengthen your wands.


Message History

Unknown command.
You don't have enough magic at the moment.
Unknown command.
Okay, then.
Okay, then.
Unknown command.
Unknown command.
Unknown command.
Unknown command.
You don't have enough magic at the moment.
Okay, then.
Evoke which item? (* to show all) (? for menu, Esc to quit)
Okay, then.
As you read the scroll labeled TAOMPA ZUARO, it crumbles to dust.
It is a scroll of amnesia.
Forget which spell ([?*] list [ESC] exit)?
Forget which spell ([?*] list [ESC] exit)?
Okay, then.
The orc knight hits you with a great mace!
You die...

.......## ##.............
#.....##### #.......)......
#.......#.### ##.#...........
............# #####......#.....
.....[......#####.#..............
....##........##..[.[...#..[.....
....##.........##......###..#.##.
...####.......##o...#.## ##......
#### ###.....###@.##### #.......
..####.....[##....# #.......
...##.......[....## #..#....
...........)#)#.## #...##...
...........##[### ##.###...
............[[.# ## ###.#
...........##.## ##..## #....
###)......##### #.#....# #....#
##.)....### ##.##.....# ##.###


You could see an orc knight.

Vanquished Creatures
  An orc warlord (Orc:2)
  2 ettins
  A centaur warrior (D:12)
  2 tengu warriors (D:14)
  2 orc high priests (Orc:2)
  Sonja (D:11)
  An unseen horror (D:10)
  7 orc knights
  4 hill giants
  2 ugly things
  A manticore (D:12)
  3 cyclopes
  2 centaur zombies
  5 centaur skeletons
  Joseph (D:7)
  Psyche (D:8)
  A rime drake (shapeshifter) (D:14)
  2 tengu conjurers
  6 trolls
  2 two-headed ogres
  4 hippogriffs
  8 slime creatures
  3 shadows
  6 yaks (D:13)
  A basilisk (D:12)
  Menkaure (D:7)
  2 vampire mosquitoes (D:13)
  A mottled dragon (D:10)
  A warg (Orc:1)
  A black bear (D:13)
  31 orc warriors
  4 sky beasts
  2 wasps
  9 ice beasts
  5 phantoms
  10 centaurs
  12 ogres
  2 crocodiles
  Blork the orc (D:4)
  5 bullfrogs
  5 big kobolds
  3 scorpions
  A water moccasin skeleton (D:8)
  4 killer bees (D:8)
  8 wights (D:9)
  2 howler monkeys
  3 crimson imps
  A bullfrog zombie (D:10)
  4 hounds
  2 jellies
  30 orc priests
  20 orc wizards
  4 iguanas
  3 worker ants
  A hound zombie (D:5)
  A worker ant zombie (D:11)
  8 adders
  A river rat (D:9)
  An ooze (D:3)
  An adder skeleton (D:5)
  2 worms
  6 leopard geckos
  103 orcs
  A ball python (D:2)
  12 bats
  2 giant cockroaches
  A goblin (D:1)
  5 hobgoblins
  3 jackals (D:5)
  25 kobolds
  3 quokkas
  A frilled lizard (D:4)
  A leopard gecko skeleton (D:4)
  A quokka skeleton (D:7)
  10 rats
435 creatures vanquished.

Vanquished Creatures (others)
  A hydra (D:12)
  A centaur warrior (D:12)
  2 orc warriors (Orc:1)
  A vampire (D:12)
  A warg (Orc:1)
  An ogre (Orc:1)
  An orc priest (Orc:1)
  An orc (Orc:1)
  32 fungi
  A plant (D:9)
42 creatures vanquished.

Grand Total: 477 creatures vanquished

Notes
Turn   | Place    | Note
-------+----------+-------------------------------------------
     0 | D:1      | 4thArraOfDagon the Troll Necromancer began the quest for the Orb.
     0 | D:1      | Reached XP level 1. HP: 16/16 MP: 1/1
    76 | D:2      | Reached skill level 1 in Unarmed Combat
   107 | D:2      | Reached XP level 2. HP: 24/24 MP: 2/2
   291 | D:1      | Reached skill level 2 in Unarmed Combat
   434 | D:3      | Reached XP level 3. HP: 26/31 MP: 3/3
   457 | D:3      | Reached skill level 3 in Unarmed Combat
   476 | D:3      | Found a sparkling altar of Nemelex Xobeh.
   479 | D:3      | Found a shadowy altar of Dithmenos.
   482 | D:3      | Found a white marble altar of Elyvilon.
   486 | D:3      | Became a worshipper of Elyvilon the Healer
   604 | D:3      | Reached skill level 4 in Unarmed Combat
   604 | D:3      | Reached XP level 4. HP: 31/39 MP: 4/4
   709 | D:4      | Reached XP level 5. HP: 44/45 MP: 5/5
   716 | D:4      | Noticed Blork the orc
   724 | D:4      | Killed Blork the orc
   724 | D:4      | Reached skill level 5 in Unarmed Combat
   835 | D:4      | Noticed an ogre
   844 | D:4      | Killed an ogre
   844 | D:4      | Reached skill level 6 in Unarmed Combat
   844 | D:4      | Reached XP level 6. HP: 18/53 MP: 6/6
   852 | D:4      | Got a dazzling war axe
   853 | D:4      | Identified the +5 war axe "Beishiho" {antimagic, +Blink rC+} (You found it on level 4 of the Dungeon)
   898 | D:5      | Entered Level 5 of the Dungeon
  1009 | D:6      | Reached * piety under Elyvilon
  1013 | D:6      | Noticed a sky beast
  1021 | D:6      | Killed a sky beast
  1021 | D:6      | Reached skill level 7 in Unarmed Combat
  1021 | D:6      | Reached XP level 7. HP: 24/59 MP: 7/7
  1072 | D:6      | Reached skill level 8 in Unarmed Combat
  1334 | D:6      | Reached skill level 9 in Unarmed Combat
  1362 | D:6      | Found a deep blue altar of Sif Muna.
  1423 | D:5      | Reached XP level 8. HP: 67/67 MP: 8/8
  1493 | D:6      | Reached skill level 1 in Invocations
  1504 | D:6      | Gained mutation: Your spells are a little harder to cast, but a little more powerful. [mutagenic meat]
  1507 | D:6      | Gained mutation: You are robust. (+10% HP) [mutagenic meat]
  1510 | D:6      | Gained mutation: You occasionally shout uncontrollably at your foes. [mutagenic meat]
  1513 | D:6      | Gained mutation: You are surrounded by a mild repulsion field. (EV +2) [mutagenic meat]
  1515 | D:7      | Noticed Joseph
  1525 | D:7      | Killed Joseph
  1525 | D:7      | Reached skill level 10 in Unarmed Combat
  1949 | D:7      | Reached XP level 9. HP: 69/81 MP: 10/10
  1980 | D:8      | Reached skill level 11 in Unarmed Combat
  2056 | D:7      | Reached ** piety under Elyvilon
  2057 | D:7      | Got a pitted copper amulet
  2058 | D:7      | Identified the amulet of Ekhierr {Faith rElec Dex+3 Stlth+} (You found it on level 7 of the Dungeon)
  2254 | D:8      | Noticed Psyche
  2276 | D:8      | Killed Psyche
  2276 | D:8      | Reached skill level 12 in Unarmed Combat
  2276 | D:8      | Reached skill level 5 in Invocations
  2302 | D:8      | Found an iron altar of Okawaru.
  2473 | D:7      | Noticed Menkaure
  2479 | D:7      | Killed Menkaure
  2551 | D:8      | Found a snail-covered altar of Cheibriados.
  2664 | D:9      | Reached XP level 10. HP: 61/89 MP: 13/13
  2979 | D:9      | Found a staircase to the Lair.
  3020 | D:9      | Reached skill level 13 in Unarmed Combat
  3034 | D:9      | Reached *** piety under Elyvilon
  3223 | D:10     | Entered Level 10 of the Dungeon
  3365 | D:11     | Noticed Sonja
  3390 | D:11     | Killed Sonja
  3557 | D:10     | Noticed a hill giant
  3568 | D:12     | Noticed an orc knight
  3568 | D:12     | Noticed a centaur warrior
  3568 | D:12     | Noticed an orc knight
  3569 | D:12     | Noticed an eight-headed hydra
  3569 | D:12     | Noticed a centaur warrior
  3569 | D:12     | Noticed Charly's ghost (novice OgHu)
  3570 | D:12     | RLY
  3570 | D:12     | Identified a scroll of acquirement
  3664 | D:11     | Noticed a hill giant
  3687 | D:11     | Killed a hill giant
  3726 | D:10     | Reached **** piety under Elyvilon
  3763 | D:10     | Reached skill level 14 in Unarmed Combat
  3850 | D:10     | Found a large runed door.
  3851 | D:10     | Found a large runed door.
  3864 | D:10     | Found a shattered altar of Ashenzari.
  3864 | D:10     | Noticed a wolf spider
  3867 | D:10     | Found a hide-covered altar of Uskayaw.
  3867 | D:10     | Noticed an ettin
  3894 | D:10     | Killed an ettin
  3894 | D:10     | Reached XP level 11. HP: 96/96 MP: 15/15
  4105 | D:11     | Found a runed door.
  4107 | D:11     | Found a glowing golden altar of the Shining One.
  4107 | D:11     | Noticed an angel
  4198 | D:11     | Reached skill level 1 in Fighting
  4393 | D:10     | Gained mutation: You are clumsy. (Dex -2) [potion of mutation]
  4393 | D:10     | Gained mutation: You expend magic power (3 MP) to strengthen your wands. [potion of mutation]
  4393 | D:10     | Gained mutation: You are dopey. (Int -2) [potion of mutation]
  4498 | D:10     | Noticed an unseen horror
  4507 | D:10     | Killed an unseen horror
  4629 | D:12     | Noticed a red ugly thing
  4644 | D:12     | Killed a red ugly thing
  4737 | D:12     | Found Seahur's Gadget Shop.
  4742 | D:12     | Reached ***** piety under Elyvilon
  4796 | D:12     | Noticed a seven-headed hydra
  4809 | D:12     | Killed a centaur warrior
  4809 | D:12     | Reached skill level 15 in Unarmed Combat
  5147 | D:12     | Found Nomnuutiepn's Food Shoppe.
  5169 | D:12     | Found a staircase to the Orcish Mines.
  5269 | D:12     | Found Meufin's Antique Weapon Shop.
  5522 | D:13     | Found a shimmering altar of Xom.
  5561 | D:13     | Noticed a skeletal warrior
  5625 | D:13     | Reached XP level 12. HP: 73/116 MP: 17/17
  5718 | D:13     | Learned a level 1 spell: Apportation
  5721 | D:13     | Learned a level 2 spell: Blink
  5726 | D:13     | Learned a level 4 spell: Passage of Golubria
  5837 | D:12     | Pacified an eight-headed hydra
  5844 | D:12     | wazuzu: Felidov
  5846 | D:12     | wazuzu: :O
  5849 | D:12     | Killed an eight-headed hydra
  5863 | D:12     | Pacified a centaur warrior
  5868 | D:12     | Killed a centaur warrior
  5961 | D:12     | Pacified a seven-headed hydra
  5961 | D:12     | Reached skill level 5 in Dodging
  6080 | D:15     | Entered Level 15 of the Dungeon
  6270 | D:15     | Reached skill level 5 in Fighting
  6301 | D:15     | Noticed an ice dragon
  6303 | D:15     | Pacified an ice dragon
  6312 | D:15     | Found a basalt altar of Yredelemnul.
  6332 | D:15     | Noticed a fire dragon
  6334 | D:15     | Pacified a fire dragon
  6341 | D:15     | Found a staircase to the Depths.
  6432 | D:14     | Gained mutation: Your body sometimes deteriorates upon taking damage. [mutagenic meat]
  6435 | D:14     | Gained mutation: Your body often deteriorates upon taking damage. [mutagenic meat]
  6438 | D:14     | Gained mutation: Your flesh is cold resistant. (rC+) [mutagenic meat]
  6512 | D:14     | Noticed a satyr
  6512 | D:14     | a faun changed into a satyr
  6519 | D:14     | Noticed an ice dragon
  6519 | D:14     | Pacified an ice dragon
  6520 | D:14     | Noticed a ghost moth
  6520 | D:14     | an ice dragon changed into a ghost moth
  6534 | D:14     | Noticed a dire elephant
  6550 | D:14     | Noticed a frost giant
  6551 | D:14     | Noticed a dire elephant
  6551 | D:14     | a frost giant changed into a dire elephant
  6681 | D:14     | Gained mutation: You are weak. (Str -2) [potion of mutation]
  6681 | D:14     | Gained mutation: Your system is resistant to poisons. (rPois) [potion of mutation]
  6762 | D:14     | Noticed a tengu warrior
  6787 | D:14     | Reached skill level 10 in Invocations
  6794 | D:14     | Killed a tengu warrior
  6885 | D:14     | Noticed Urug
  6943 | D:14     | Noticed a tengu warrior
  6956 | D:14     | Killed a tengu warrior
  7066 | D:13     | Found an ancient bone altar of Kikubaaqudgha.
  7189 | Orc:1    | Entered Level 1 of the Orcish Mines
  7272 | Orc:1    | Noticed an orc warlord
  7276 | Orc:1    | Reached XP level 13. HP: 71/132 MP: 14/19
  7493 | Orc:2    | Entered Level 2 of the Orcish Mines
  7562 | Orc:1    | Noticed an ettin
  7604 | Orc:2    | Found Qatzischi's Gadget Emporium.
  7815 | Orc:2    | Found a radiant altar of Vehumet.
  7960 | Orc:2    | Found a staircase to the Elven Halls.
  8368 | Orc:2    | Noticed an orc warlord
  8459 | Orc:1    | Killed an ettin
  8867 | Orc:2    | Killed an orc warlord
  9148 | Orc:2    | wazuzu: is this that rotting mutation?
  9174 | Orc:2    | pedritolo: yes :/
  9180 | Orc:2    | wazuzu: or am I autistic again?
  9185 | Orc:2    | wazuzu: ok
  9191 | Orc:2    | wazuzu: sad
  9363 | Orc:2    | Lost dexterity.
  9370 | Orc:2    | Ankalagon: doesn't elly give that thing that restores your attributes
  9454 | Orc:2    | Bought a wand of teleportation (5/9) for 378 gold pieces
  9463 | Orc:2    | Ankalagon: ??elyvilon
  9464 | Orc:2    | beem: elyvilon[1/4]: The divinity of healing. Most reliable source of protection from being killed (see {divine protection}), but will impose penance (i.e. not answer your requests for help) if you kill living creatures while invoking said protection. Provides healing invocations, but dislikes cannibalism, the use of necromancy, and allowing allies to die.
  9473 | Orc:2    | wazuzu: I'm very confused about the goal of this game. breadswinging makes me think the goal is score
  9510 | Orc:2    | timbw: Most reliable source of protection from being killed
  9523 | Orc:2    | timbw: what a lie
  9567 | Orc:2    | Ankalagon: ??elyvilon[2
  9567 | Orc:2    | beem: elyvilon[2/4]: Elyvilon grants piety for exploring the dungeon. This piety can be used for: self-healing, monster {pacification}, {purification}, {divine vigour}, {divine protection}.
  9588 | Orc:2    | Ankalagon: purification, right
  9592 | Orc:2    | wazuzu: Disaster area is one of the most reliable source of protection from being killed
  9595 | Orc:2    | Ankalagon: ??purification
  9595 | Orc:2    | beem: purification[1/1]: Removes negative conditions (Rot, Poison, Slow, Sick, Petr, Conf, but not Drain) and restores all stats.
  9607 | Orc:2    | HP: 5/136 [orc knight/great mace (25)]
  9608 | Orc:2    | wazuzu: ??disaster area[4
  9608 | Orc:2    | beem: disaster area[4/5]: I was trying to ninja the orb on a LONe of Qazlal And I ended up getting caught and surrounded in the orb chamber I used Disaster Area and then I was alone So I ninja'd the orb Except by killing everything
  9608 | Orc:2    | 4thArraOfDagon: putri
  9608 | Orc:2    | 4thArraOfDagon: puri
  9608 | Orc:2    | Slain by an orc knight

Vault maps used:
D:1:      tarquinn_simple_flora_water_d, interstate_on_off
D:2:      first_bread, minmay_unequal
D:3:      grunt_temple_overflow_diamond
D:4:      uniq_duvessa, uniq_blork_the_orc
D:6:      kennysheep_orc_sif_temple, glass_columns_b
D:7:      grunt_ogre_cave, uniq_joseph, uniq_menkaure
D:8:      old_forge, slow_altar_2, okawaru_ov_weapons_minmay, uniq_psyche,
          uniq_grum
D:9:      grunt_lair_entry_orc_guard_hut
D:10:     jmf_multi_god_temple2
D:11:     lemuel_angel_altar, uniq_sonja
D:12:     minmay_ambush_box, hiddenorc2_lemuel,
          portal_ice_cave_entry_ice_beasts, serial_shops, nicolae_shop_crystal,
          nicolae_shop_waterfront, shop, hangedman_decor_lopped
D:13:     orc_temple, basic_altar, brannock_xom_greatest_gift
D:14:     david_vaults_4, minmay_misc_feat_plants, lemuel_old_faithful,
          uniq_urug
D:15:     grunt_enter_depths_hoard, yredelemnul_altar_generic, serial_shops,
          shop_statue, basic_altar
Orc:1:    cheibrodos_orc_bank
Orc:2:    st_orc_pillars, serial_shops, shop, basic_altar

Skill      XL: |  1  2  3  4  5  6  7  8  9 10 11 12 13 |
---------------+----------------------------------------+-----
Unarmed Combat | 1 2 4 6 7 9 10 12 14 15 | 15.1
Invocations    | 3 5 7 8 10 11 | 11.0
Fighting       | 3 6 7 |  7.3
Dodging        | 3 6 7 |  7.8
Stealth        | |  1.1
Spellcasting   | |  1.2
Necromancy     | |  3.2

Action                   |  1- 3 |  4- 6 |  7- 9 | 10-12 | 13-15 || total
-------------------------+-------+-------+-------+-------+-------++-------
Melee: Unarmed           |    76 |    68 |   280 |   726 |   410 ||  1560
       Punch             |       |     3 |    11 |    45 |    14 ||    73
       Bardiche          |       |       |       |       |     5 ||     5
Throw: Large rock        |       |       |       |       |     4 ||     4
Invok: Lesser Healing    |       |       |       |    12 |     6 ||    18
       Heal Other        |       |       |       |    23 |     9 ||    32
       Greater Healing   |       |       |       |       |     3 ||     3
Evoke: Wand              |       |       |       |    12 |     7 ||    19
  Use: Potion            |     1 |       |     1 |     6 |     6 ||    14
       Scroll            |       |       |    11 |     9 |     1 ||    21
 Stab: Sleeping          |       |     2 |     8 |     4 |       ||    14
       Confused          |       |       |       |     1 |       ||     1
       Distracted        |       |       |       |       |     1 ||     1
  Eat: Chunk             |     6 |     8 |    19 |    57 |    30 ||   120
       Beef jerky        |       |       |       |     2 |       ||     2
       Pizza             |       |       |       |     1 |       ||     1
Armor: Robe              |    25 |    14 |    48 |   169 |    64 ||   320
       Skin              |       |       |     6 |    45 |     5 ||    56
Dodge: Dodged            |    33 |    20 |   113 |   361 |   189 ||   716
